AoeStats
← eyupfc

Nomad

509711597Analyzed
4v4 RM · 5d ago on Sep 27, 2026· 41m 0s· 8 players
Game mode
Random Map
Map size
231×231
Population
200
Speed
Normal
Resources
Standard
Victory
Conquest
Starting age
Dark Age
Ending age
Imperial Age
RankedLock teamsTeams togetherTeam positionsShared explorationLock speedFull tech treeHidden civsTurbo modeCheats
Victory
Defeat
🇭🇰 Vietnamese · Hong Kong SAR China
1285
+13
🇲🇽 Persians · Mexico
1282
+13
🇹🇷 Persians · Türkiye
1246
+14
🇨🇳 Varangians · China
1188
+18
🇳🇱 Vietnamese · Netherlands
1244
-16
🇦🇹 Danes · Austria
1230
-15
🇹🇷 Koreans · Türkiye
1194
-14
🇹🇷 Varangians · Türkiye
1182
-13
Deathiscoming
5:40 Loom
14:49 Feudal Age
17:32 Fishing Lines
18:06 Fletching
18:16 Town Watch
21:03 Castle Age
19:04 Double-Bit Axe
23:19 Bodkin Arrow
24:13 Bow Saw
24:14 Padded Archer Armor
24:47 Ballistics
24:36 Thumb Ring
24:33 Gillnets
29:44 Leather Archer Armor
33:43 Treadmill Crane
36:47 Wheelbarrow
Nuhro
5:44 Loom
15:03 Feudal Age
17:28 Fletching
22:44 Castle Age
28:19 Bodkin Arrow
32:50 Wheelbarrow
34:58 Pikeman
pixelcrustpunk
4:18 Loom
11:54 Feudal Age
16:01 Fletching
20:01 Castle Age
31:42 Imperial Age
30:52 Wheelbarrow
30:36 Double-Bit Axe
34:28 Sanctity
34:24 Fervor
35:37 Forging
35:28 Scale Mail Armor
eyupfc
3:44 Loom
14:21 Feudal Age
14:48 Fishing Lines
14:58 Double-Bit Axe
15:13 Town Watch
20:14 Fletching
27:14 Castle Age
26:20 Scale Mail Armor
26:53 Arson
29:25 Bodkin Arrow
29:40 Squires
29:26 Gambesons
30:15 Bow Saw
29:46 Horse Collar
33:27 Forging
34:24 Chain Mail Armor
37:58 Iron Casting
gogo
4:48 Loom
13:47 Feudal Age
14:28 Double-Bit Axe
15:21 Fletching
21:13 Wheelbarrow
23:31 Castle Age
22:09 Stone Mining
22:10 Gold Mining
23:58 Bloodlines
23:55 Scale Barding Armor
24:01 Forging
25:39 Town Watch
27:41 Bodkin Arrow
34:04 Imperial Age
32:55 Stone Shaft Mining
32:28 Fishing Lines
34:30 Bow Saw
35:06 Husbandry
34:28 Cavalier
35:26 Gillnets
36:23 Conscription
37:02 Vendel Legacy
40:15 Iron Casting
40:00 Chain Barding Armor
:) YO30830
6:04 Loom
13:39 Feudal Age
16:17 Double-Bit Axe
22:10 Fishing Lines
28:18 Castle Age
28:47 Gillnets
29:12 Medium Warships
29:34 Bloodlines
32:51 Forging
32:46 Scale Barding Armor
35:32 Chain Barding Armor
38:13 Bow Saw
39:11 Husbandry
39:26 Gold Mining
39:28 Stone Mining
42:19 Imperial Age
41:45 Gold Shaft Mining
41:46 Stone Shaft Mining
SabahIctimasi
4:14 Loom
14:59 Feudal Age
15:36 Double-Bit Axe
19:10 Castle Age
17:33 Fishing Lines
19:31 Wheelbarrow
19:09 Bloodlines
19:42 Scale Barding Armor
20:04 Bow Saw
19:50 Gillnets
23:26 Hand Cart
23:53 Horse Collar
24:37 Town Watch
25:39 Heavy Plow
26:53 Husbandry
28:00 Stone Mining
31:09 Chain Barding Armor
35:23 Gold Mining
39:26 Imperial Age
39:41 Stone Shaft Mining
39:44 Gold Shaft Mining
39:07 Cavalier
40:33 Plate Barding Armor
40:08 Forging
39:32 Capped Ram
40:52 Savar
UnHappy
5:06 Loom
14:03 Feudal Age
18:07 Castle Age
16:25 Gold Mining
16:35 Fishing Lines
16:50 Double-Bit Axe
17:35 Forging
19:03 Bow Saw
20:51 Wheelbarrow
20:27 Fletching
20:43 Gillnets
22:16 Stone Mining
24:05 Crossbowman
25:15 Bodkin Arrow
25:28 Horse Collar
28:32 Padded Archer Armor
29:24 Scale Barding Armor
30:04 Ballistics
33:46 Imperial Age
32:56 Leather Archer Armor
33:15 Hand Cart
33:30 Heavy Plow
34:50 Thumb Ring
35:20 Bracer
36:30 Two-Man Saw
36:09 Ring Archer Armor
35:36 Arbalester
37:50 Paper Money
38:57 Chemistry
39:12 Siege Engineers
40:23 Chain Barding Armor
40:06 Scale Mail Armor
40:41 Iron Casting
40:07 Treadmill Crane
41:04 Bombard Tower
40:49 Murder Holes
41:05 Guilds
41:25 Coinage
41:58 Stone Shaft Mining
Connection lost

Rejoining the realm…

Still unreachable

The connection could not be restored.

Session expired

The server has moved on; the page needs a fresh start.